 Dungeon Crawl Stone Soup version 0.29.1-12-g30fa7ad0bf (webtiles) character file.

Game seed: 17161890783719920143

6 mopl the Magician (level 1, 0/11 HPs)
             Began as an Octopode Hedge Wizard on Jan 14, 2023.
             Slain by a kobold
             ... wielding a +0 short sword
              (1 damage)
             ... on level 1 of the Dungeon.
             The game lasted 00:00:17 (207 turns).

mopl the Magician (Octopode Hedge Wizard)            Turns: 207, Time: 00:00:18

Health: 0/11       AC:  1    Str:  9    XL:     1   Next: 90%
Magic:  4/4        EV: 13    Int: 16    God:
Gold:   9          SH:  0    Dex: 11    Spells: 5/6 levels left

rFire   . . .      SeeInvis .   a - +0 dagger
rCold   . . .      Faith    .   (no shield)
rNeg    . . .      Spirit   .   b - +0 hat
rPois   .          Reflect  .   (no amulet)
rElec   .          Harm     .   (no ring)
rCorr   .          Rampage  .   (no ring)
Will    .....                   (no ring)
Stlth   +++.......              (no ring)
HPRegen 0.03/turn               (no ring)
MPRegen 0.09/turn               (no ring)
                                (no ring)
                                (no ring)

@: no status effects
A: almost no armour, amphibious, 8 rings, camouflage 1, gelatinous body 1,
(nimble swimmer 1), tentacles
a: no special abilities


You were on level 1 of the Dungeon.
You visited 1 branch of the dungeon, and saw 1 of its levels.

You collected 9 gold pieces.

Inventory:

Hand Weapons
 a - a +0 dagger (weapon)
Armour
 b - a +0 hat (worn)
Scrolls
 d - a scroll of blinking {unknown}
Potions
 c - a potion of magic


   Skills:
 - Level 2.0 Dodging
 - Level 2.6 Stealth
 + Level 3.1 Spellcasting
 + Level 1.4 Conjurations
 - Level 1.0 Summonings
 - Level 1.0 Translocations


You had 5 spell levels left.
You knew the following spells:

 Your Spells              Type           Power      Damage    Failure   Level
a - Magic Dart            Conj           28%        1d4       10%         1

Your spell library contained the following spells:

 Spells                   Type           Power      Damage    Failure   Level
 Slow                     Hex            8%         N/A       19%         1
 Blink                    Tloc           10%        N/A       19%         2
 Call Imp                 Summ           5%         N/A       19%         2
 Conjure Flame            Conj/Fire      4%         6-21      38%         3
 Mephitic Cloud           Conj/Pois/Air  4%         N/A       41%         3


Dungeon Overview and Level Annotations

Branches:
Dungeon (1/15)

Altars:


Innate Abilities, Weirdness & Mutations

You cannot wear most types of armour.
You are amphibious.
You can wear up to eight rings at the same time.
Your skin changes colour to match your surroundings (Stealth+).
Your rubbery body absorbs attacks. (AC +1, EV +1)
((You are camouflaged when in or above water. (Stealth+)))
You have tentacles for arms and can constrict up to eight enemies at once.


Message History

You kill the giant cockroach!
You closely miss the rat. You grab the rat. You squeeze the rat.
You kill the rat!
No target in view!
d - a scroll labelled WID ZOQ DEUCI You now have 9 gold pieces (gained 4).
A bat comes into view.
The bat hits you. The bat completely misses you.
You miss the bat. You grab the bat. You constrict the bat. The bat hits you.
The bat escapes!
The bat misses you.
You hit the bat. Your grab misses the bat. Your squeeze misses the bat.
The bat is severely wounded.
The bat hits you. The bat hits you. The bat barely misses you.
The bat hits you but does no damage. x2
You barely miss the bat. You grab the bat.
The bat is severely wounded.
You constrict the bat.
You kill the bat!
No target in view!
You see here a bat corpse.
You open the door.
A kobold comes into view. It is wielding a +0 short sword.
A kobold is nearby!
There is an open door here.
The kobold shouts!
The kobold hits you with a +0 short sword.
You are too injured to fight recklessly!
You are too injured to fight recklessly!
You barely miss the kobold. Your grab misses the kobold.
The kobold hits you with a +0 short sword.
* * * LOW HITPOINT WARNING * * *
You hit the kobold but do no damage. Your grab misses the kobold.
The kobold hits you with a +0 short sword.
* * * LOW HITPOINT WARNING * * *
You barely miss the kobold. Your grab misses the kobold.
The kobold hits you with a +0 short sword.
You die...

# #. #.# #.# ##+# #.#
##...# #.# ##.....##
#.## #.....K.## #..##
.......@.####...########
.........'.†............
.........####...########
#.......## #..##
##.....## #.## ##...#
#.# ##+# #.# #.# #.# ###


You could see a kobold.

Vanquished Creatures
  2 giant cockroaches (D:1)
  A goblin (D:1)
  A bat (D:1)
  2 rats (D:1)
6 creatures vanquished.

Notes
Turn   | Place    | Note
-------+----------+-------------------------------------------
     0 | D:1      | mopl the Octopode Hedge Wizard began the quest for the Orb.
     0 | D:1      | Reached XP level 1. HP: 11/11 MP: 4/4
    97 | D:1      | Found a faded altar of an unknown god.
   207 | D:1      | Slain by a kobold

Illustrated notes

Levels and vault maps discovered:
D:1:      elethiomel_arrival_quiet, layout_loops_corners,
          hellmonk_ecumenical_altar_arch_garden

Action                   || total
-------------------------++-------
Melee: Dagger            ||    13
       Constrict         ||     3
       Tentacles         ||     1
 Stab: Sleeping          ||     3
Armor: Skin              ||     2
Dodge: Dodged            ||     6
